 Dungeon Crawl Stone Soup version 0.20.2-3-g29329e0561 (webtiles) character file.

4044 Alfie the Carver (level 10, -6/84 HPs)
             Began as a Minotaur Fighter on Jan 6, 2021.
             Mangled by Alfie's ghost (14 damage)
             ... on level 8 of the Dungeon.
             The game lasted 00:16:41 (6531 turns).

Alfie the Carver (Minotaur Fighter)                 Turns: 6531, Time: 00:16:42

Health: -6/84      AC:  9    Str: 24    XL:     10   Next: 4%
Magic:  9/9        EV: 11    Int:  5    God:
Gold:   368        SH: 13    Dex: 10    Spells: 9/9 levels left

rFire    . . .     SeeInvis .   a - +0 long sword (venom)
rCold    . . .     Gourm    .   c - +1 shield
rNeg     . . .     Faith    .   b - +1 scale mail
rPois    .         Spirit   .   (helmet restricted)
rElec    .         Reflect  .   (no cloak)
rCorr    .         Harm     .   (no gloves)
MR       .....                  (no boots)
Stlth    ..........             (no amulet)
Regen    0.3/turn               f - +2 ring of slaying
MPRegen  0.2/turn               (no ring)

@: no status effects
A: retaliatory headbutt, horns 2
a: no special abilities


You were on level 8 of the Dungeon.
You were not hungry.

You visited 1 branch of the dungeon, and saw 8 of its levels.
You also visited: Ossuary.

You collected 368 gold pieces.

Inventory:

Hand Weapons
 a - a +0 long sword of venom (weapon)
Missiles
 h - 4 tomahawks of returning (quivered)
 y - 5 tomahawks
Armour
 b - a +1 scale mail (worn)
 c - a +1 shield (worn)
Jewellery
 f - a +2 ring of slaying (left hand)
 s - an uncursed amulet of magic regeneration {unknown}
Wands
 r - a wand of polymorph (1/24)
 u - a wand of random effects (48/48)
Scrolls
 i - 7 scrolls of remove curse
 l - 4 scrolls of identify
 m - 2 scrolls of blinking
 o - 2 scrolls of fog
Potions
 d - a potion of might
 e - 3 potions of cancellation {unknown}
 g - 2 potions of brilliance {unknown}
 k - 2 potions of ambrosia {unknown}
 p - a potion of invisibility {unknown}
 q - 2 potions of heal wounds
 t - 2 potions of mutation {unknown}
 v - 2 potions of agility {unknown}
 x - a potion of experience {unknown}
 z - a potion of haste {unknown}
 A - a potion of berserk rage {unknown}
 B - 2 potions of curing
Comestibles
 j - 2 royal jellies
 n - 2 meat rations


   Skills:
 + Level 6.5 Fighting
 + Level 10.3 Long Blades
 + Level 8.6 Armour
 + Level 4.6 Dodging
 + Level 1.9 Stealth
 + Level 9.3 Shields
 + Level 0.4 Unarmed Combat


You had 9 spell levels left.
You didn't know any spells.

Dungeon Overview and Level Annotations

Branches:
Dungeon (8/15)             Temple (0/1) D:5
   Lair: D:8-11

Altars:
Ashenzari
Dithmenos
Elyvilon
Fedhas
Kikubaaqudgha
Okawaru
Ru
Uskayaw
The Shining One

Shops:
D:7 :

Annotations:
D:8 Alfie's ghost, novice MiFi


Innate Abilities, Weirdness & Mutations

You reflexively headbutt those who attack you in melee.
You have a pair of horns on your head.


Message History

Alfie's ghost closely misses you.
You riposte.
You hit Alfie's ghost but do no damage. Alfie's ghost hits you!
* * * LOW HITPOINT WARNING * * *
Alfie's ghost hits you.
* * * LOW HITPOINT WARNING * * *
Alfie's ghost hits you but does no damage.
Alfie's ghost hits you!
* * * LOW HITPOINT WARNING * * *
Alfie's ghost closely misses you. You block Alfie's ghost's attack.
Alfie's ghost hits you.
* * * LOW HITPOINT WARNING * * *
Alfie's ghost barely misses you. You furiously retaliate!
You headbutt Alfie's ghost, but do no damage.
Alfie's ghost whispers, "Meet the emptiness of death!"
You block Alfie's ghost's attack. You block Alfie's ghost's attack.
Alfie's ghost hits you!
You die...

#... .......##.#.) #...
.........†y.. #..##.#.....##.###
#.....#...#.##....
#......<..#.......
#............#.#..
#.......#.#....###
#W#.###(#...####
#@#.#.......####
#)#..........).#
#<###.###...##.# #.
#..............###
.#...##########.##...##.#..###.#
...........o....##...##.##.###.#
........o............##.##.#...#
?...o...........).<...####.....#
....o...............#.....#....#


You could see Alfie's ghost.

Vanquished Creatures
  A two-headed ogre (D:8)
  The ghost of Alfie the Slasher, a novice MiFi (D:7)
  A hornet (D:8)
  An ice beast (D:5)
  An orc warrior (D:8)
  An ogre (D:7)
  A centaur (D:6)
  4 bullfrogs
  5 scorpions
  6 killer bees (D:8)
  3 wights (D:7)
  2 howler monkeys (D:5)
  2 centaur zombies
  9 orc priests
  3 hounds
  9 orc wizards
  A bullfrog skeleton (D:5)
  2 centaur skeletons
  A gnoll shaman (D:7)
  Ijyb (D:5)
  5 worker ants
  8 big kobold zombies (Ossuary)
  A hound zombie (D:7)
  A mummy (Ossuary)
  7 gnolls
  14 adders
  A shadow imp (D:6)
  An ooze (D:2)
  An adder zombie (D:6)
  An adder skeleton (D:6)
  3 worms
  A dart slug (D:1)
  5 leopard geckos
  36 orcs
  3 spectral bats (Ossuary)
  13 bats
  A giant cockroach (D:6)
  8 goblins
  2 hobgoblins (D:3)
  2 jackals (D:4)
  4 quokkas
  2 ball pythons
  3 bat simulacra (Ossuary)
  4 frilled lizards
  4 gnoll zombies (Ossuary)
  2 goblin simulacra (Ossuary)
  4 goblin zombies (Ossuary)
  5 hobgoblin zombies (Ossuary)
  5 kobolds
  3 kobold simulacra (Ossuary)
  6 kobold zombies (Ossuary)
  3 orc zombies (Ossuary)
  A quokka skeleton (D:7)
  5 rats
  A rat simulacrum (Ossuary)
  3 spectral goblins (Ossuary)
  2 spectral kobolds (Ossuary)
  3 spectral rats (Ossuary)
229 creatures vanquished.

Vanquished Creatures (others)
  A fungus (D:5)
1 creature vanquished.

Grand Total: 230 creatures vanquished

Notes
Turn   | Place    | Note
-------+----------+-------------------------------------------
     0 | D:1      | Alfie the Minotaur Fighter began the quest for the Orb.
     0 | D:1      | Reached XP level 1. HP: 19/19 MP: 0/0
    36 | D:1      | Found a glowing golden altar of the Shining One.
   439 | D:1      | Reached XP level 2. HP: 27/27 MP: 1/1
  1051 | D:2      | Reached skill level 3 in Long Blades
  1059 | D:2      | Found a shattered altar of Ashenzari.
  1067 | D:2      | Found a hide-covered altar of Uskayaw.
  1075 | D:2      | Reached XP level 3. HP: 33/33 MP: 2/2
  1104 | D:2      | Found a sacrificial altar of Ru.
  1335 | D:2      | Found a shadowy altar of Dithmenos.
  1636 | D:3      | Reached XP level 4. HP: 40/40 MP: 3/3
  1937 | D:3      | HP: 1/40 [orc priest (5)]
  1941 | D:3      | Reached skill level 4 in Long Blades
  2019 | D:3      | Found an iron altar of Okawaru.
  2054 | D:3      | Reached XP level 5. HP: 27/46 MP: 4/4
  2312 | D:4      | Reached skill level 1 in Dodging
  2377 | D:4      | Found an ancient bone altar of Kikubaaqudgha.
  2436 | D:4      | Reached skill level 1 in Stealth
  2452 | D:4      | Reached skill level 5 in Armour
  2452 | D:4      | Reached XP level 6. HP: 38/53 MP: 5/5
  2928 | D:5      | Entered Level 5 of the Dungeon
  2928 | D:5      | Found a blossoming altar of Fedhas.
  3021 | D:5      | Noticed Ijyb
  3041 | D:5      | Killed Ijyb
  3077 | D:5      | Found a sand-covered staircase.
  3085 | Ossuary  | Entered an ossuary
  3208 | Ossuary  | Reached skill level 5 in Long Blades
  3208 | Ossuary  | Reached skill level 5 in Shields
  3370 | Ossuary  | Reached XP level 7. HP: 60/60 MP: 6/6
  3560 | D:5      | Reached skill level 6 in Long Blades
  3598 | D:5      | Found a staircase to the Ecumenical Temple.
  3678 | D:5      | Reached skill level 5 in Fighting
  3692 | D:5      | Reached skill level 7 in Long Blades
  3697 | D:5      | Reached XP level 8. HP: 23/68 MP: 7/7
  3814 | D:5      | HP: 3/68 [orc priest/divine providence (16)]
  3819 | D:5      | HP: 1/68 [poisoned by an adder]
  3903 | D:5      | Found a shadowy altar of Dithmenos.
  4445 | D:6      | Found a white marble altar of Elyvilon.
  4681 | D:6      | Reached skill level 8 in Long Blades
  5059 | D:7      | Noticed Alfie's ghost (novice MiFi)
  5073 | D:7      | Killed Alfie's ghost
  5073 | D:7      | Reached skill level 9 in Long Blades
  5073 | D:7      | Reached XP level 9. HP: 48/75 MP: 8/8
  5326 | D:7      | Found Goesunolo's Book Boutique.
  6274 | D:8      | Noticed a two-headed ogre
  6284 | D:8      | Killed a two-headed ogre
  6284 | D:8      | Reached skill level 10 in Long Blades
  6397 | D:8      | Noticed Alfie's ghost (novice MiFi)
  6400 | D:8      | Reached XP level 10. HP: 32/84 MP: 9/9
  6531 | D:8      | Mangled by Alfie's ghost

Skill      XL: |  1  2  3  4  5  6  7  8  9 |
---------------+----------------------------+-----
Armour         | 4 5 6 8 |  8.6
Shields        | 4 5 6 7 9 |  9.3
Long Blades    | 3 4 5 7 9 10 | 10.3
Fighting       | 4 5 6 |  6.5
Dodging        | 1 2 3 4 |  4.6
Stealth        | 1 |  1.9
Unarmed Combat | |  0.4

Action                   |  1- 3 |  4- 6 |  7- 9 | 10-12 || total
-------------------------+-------+-------+-------+-------++-------
Melee: Long sword        |    70 |   192 |   310 |    15 ||   587
       Headbutt          |     5 |    43 |    63 |     3 ||   114
       Unarmed           |       |    13 |       |       ||    13
  Use: Potion            |       |     2 |     6 |       ||     8
       Scroll            |       |     9 |     7 |     1 ||    17
 Stab: Held in net/web   |       |       |     1 |       ||     1
  Eat: Fruit             |     1 |     2 |       |       ||     3
       Chunk             |     1 |       |       |       ||     1
       Royal jelly       |       |     1 |       |       ||     1
       Bread ration      |       |     1 |     2 |       ||     3
Armor: Scale mail        |    25 |    66 |    90 |     7 ||   188
       Skin              |       |     2 |       |       ||     2
Dodge: Dodged            |    16 |    62 |    86 |     7 ||   171
Block: Shield            |    32 |    85 |   185 |    15 ||   317
       Rpst.: Long sword |     5 |    15 |    21 |     2 ||    43
